 Dungeon Crawl Stone Soup version 0.24-a0-459-g225fefd530 (webtiles) character file.

Game seed: 15520819946138938991

226 Craser22 the Chopper (level 5, 0/67 HPs)
             Began as a Minotaur Berserker on June 27, 2019.
             Was a Believer of Trog.
             Slain by Pikel
             ... wielding a +1 whip of freezing
              (3 damage)
             ... on level 5 of the Dungeon.
             The game lasted 00:08:10 (1727 turns).

Craser22 the Chopper (Minotaur Berserker)           Turns: 1727, Time: 00:08:11

Health: 0/67       AC:  6    Str: 26    XL:     5   Next: 69%
Magic:  4/4        EV: 11    Int:  4    God:    Trog [**....]
Gold:   67         SH:  0    Dex: 11    Spells: 4/4 levels left

rFire    . . .     SeeInvis .   a - +0 hand axe
rCold    . . .     Gourm    .   (no shield)
rNeg     . . .     Faith    .   i - +0 scale mail
rPois    .         Spirit   .   (helmet restricted)
rElec    .         Reflect  .   (no cloak)
rCorr    .         Harm     .   (no gloves)
MR       .....                  (no boots)
Stlth    ..........             (no amulet)
HPRegen  0.21/turn              (no ring)
MPRegen  0.09/turn              (no ring)

@: berserking (expiring), very quick
A: retaliatory headbutt, horns 2
a: Berserk, Trog's Hand, Renounce Religion


You were on level 5 of the Dungeon.
You worshipped Trog.
Trog was pleased with you.
You were very hungry.

You visited 1 branch of the dungeon, and saw 4 of its levels.

You collected 67 gold pieces.


Innate Abilities, Weirdness & Mutations

You reflexively headbutt those who attack you in melee.
You have a pair of horns on your head.


   Skills:
 - Level 3.6 Fighting
 + Level 7.8 Axes
 - Level 2.4 Armour
 - Level 2.1 Dodging


You had 4 spell levels left.
You didn't know any spells.
Your spell library was empty.

Inventory:

Hand Weapons
 a - a +0 hand axe (weapon)
 g - a +0 mace
Missiles
 e - 90 stones (quivered)
Armour
 i - a +0 scale mail (worn)
 o - a +0 leather armour of cold resistance
Scrolls
 b - a scroll of immolation {unknown}
 j - 4 scrolls of identify {unknown}
 n - a scroll of magic mapping {unknown}
Potions
 d - a potion of mutation {unknown}
 h - 2 potions of curing {unknown}
 k - a potion of flight {unknown}
 l - a potion of agility {unknown}
 m - a potion of heal wounds {unknown}
Comestibles
 c - 5 rations
 f - 15 chunks of flesh

Dungeon Overview and Level Annotations

Branches:
Dungeon (3/15)

Altars:

Portals:
Sewer: D:3

Annotations:
D:5 Pikel

▒▒▒▒.▒ ▒..... ▒..... ▒
▒▒+▒▒ ▒..... .. ▒▒...▒▒
▒..... ▒.▒
▒▒.....▒▒▒..... ▒...
▒▒.......▒▒.....
.▒...o▒▒▒.........▒.....
....ppKH'.).......'.....
▒▒...p▒▒▒....>.[..▒▒▒▒..
▒▒.▒.▒ ▒▒.......▒▒ ▒▒. ▒
▒.▒ ▒▒..)..▒▒ ▒▒ ▒.▒
▒▒...▒▒ ▒ ▒.▒ ▒▒'▒▒ ▒
▒.▒▒▒▒ ▒.▒ ▒ ▒.▒▒.▒▒ ▒.▒
▒ ▒.....▒▒▒.▒▒▒▒▒▒▒▒▒▒


You could see Pikel, 3 slaves and an orc.


Message History

Pikel is heavily wounded.
Pikel hits you with a +1 whip of freezing.
* * * LOW HITPOINT WARNING * * *
Pikel freezes you.
* * * LOW HITPOINT WARNING * * *
You barely miss Pikel.
Pikel is heavily wounded.
You slash Pikel! You headbutt Pikel.
Pikel is severely wounded.
Pikel hits you with a +1 whip of freezing.
* * * LOW HITPOINT WARNING * * *
Pikel freezes you.
* * * LOW HITPOINT WARNING * * *
You barely miss Pikel.
Pikel is severely wounded.
Pikel hits you with a +1 whip of freezing.
* * * LOW HITPOINT WARNING * * *
Pikel freezes you.
* * * LOW HITPOINT WARNING * * *
You hit Pikel but do no damage. Your headbutt misses Pikel.
Pikel is severely wounded.
You slash Pikel! Your headbutt misses Pikel.
Pikel is almost dead.
Pikel hits you with a +1 whip of freezing.
* * * LOW HITPOINT WARNING * * *
Pikel freezes you.
You die...

Action                   |  1- 3 |  4- 6 || total
-------------------------+-------+-------++-------
Melee: Hand axe          |    53 |    62 ||   115
       Headbutt          |     7 |    13 ||    20
Invok: Berserk           |     3 |     1 ||     4
  Eat: Chunk             |     2 |     3 ||     5
Armor: Animal skin       |     8 |       ||     8
       Scale mail        |     4 |    17 ||    21
Dodge: Dodged            |    37 |    27 ||    64

Levels and vault maps discovered:
D:1:      minmay_arrival_open_corners, layout_rooms
D:2:      layout_loops_ring, minmay_heptomino_w4, uniq_robin, uniq_jessica
D:3:      layout_basic, portal_sewer_entry_b
D:5:      layout_loops_corners, gammafunk_ghost_grave, first_ration,
          trog_wizard, uniq_pikel

Notes
Turn   | Place    | Note
-------+----------+-------------------------------------------
     0 | D:1      | Craser22 the Minotaur Berserker began the quest for the
                  | Orb.
     0 | D:1      | Reached XP level 1. HP: 19/19 MP: 0/0
    12 | D:1      | Reached skill level 4 in Axes
    45 | D:1      | Reached XP level 2. HP: 26/26 MP: 1/1
   362 | D:2      | Noticed Robin
   366 | D:1      | Killed Robin
   366 | D:1      | Reached skill level 5 in Axes
   366 | D:1      | Reached XP level 3. HP: 31/31 MP: 2/2
  1018 | D:2      | Noticed Jessica
  1024 | D:2      | Killed Jessica
  1024 | D:2      | Reached skill level 6 in Axes
  1024 | D:2      | Reached XP level 4. HP: 39/39 MP: 3/3
  1026 | D:2      | Reached ** piety under Trog
  1617 | D:3      | Found a glowing drain.
  1618 | D:5      | Entered Level 5 of the Dungeon
  1632 | D:5      | Noticed an ogre
  1641 | D:5      | Killed an ogre
  1641 | D:5      | Reached skill level 7 in Axes
  1641 | D:5      | Reached XP level 5. HP: 28/45 MP: 4/4
  1709 | D:5      | Noticed a slave
  1709 | D:5      | Noticed a slave
  1711 | D:5      | Noticed Pikel
  1712 | D:5      | Noticed a slave
  1713 | D:5      | Noticed a slave
  1718 | D:5      | Killed a slave
  1727 | D:5      | HP: 3/67 [Pikel/+1 whip of freezing (6)]
  1727 | D:5      | Slain by Pikel

Vanquished Creatures
  A slave (D:5)
  An ogre (D:5)
  An orc priest (D:5)
  Jessica (D:2)
  Robin (D:1)
  2 adders (D:2)
  An ooze (D:1)
  2 dart slugs
  A leopard gecko (D:1)
  4 orcs
  A bat (D:2)
  3 giant cockroaches
  13 goblins
  7 hobgoblins
  4 kobolds
  A frilled lizard (D:2)
  8 rats
52 creatures vanquished.
